 Dungeon Crawl Stone Soup version 0.26-a0-660-gc07710193c (webtiles) character file.

Game seed: 4856061488191978749

588 smeego the Skirmisher (level 7, 0/48 HPs)
             Began as an Octopode Fighter on Oct 7, 2020.
             Slain by a centaur (7 damage)
             ... on level 5 of the Dungeon.
             The game lasted 00:03:23 (4201 turns).

smeego the Skirmisher (Octopode Fighter)            Turns: 4201, Time: 00:03:23

Health: 0/48       AC:  1    Str: 16    XL:     7   Next: 38%
Magic:  7/7        EV: 12    Int: 12    God:
Gold:   252        SH:  9    Dex: 11    Spells: 6/6 levels left

rFire    . . .     SeeInvis .   a - +0 long sword
rCold    . . .     Faith    .   b - +0 kite shield
rNeg     . . .     Spirit   .   (helmet restricted)
rPois    .         Reflect  .   (no amulet)
rElec    .         Harm     .   m - ring of flight
rCorr    .         Rampage  .   (no ring)
MR       .....                  (no ring)
Stlth    +++.......             (no ring)
HPRegen  0.16/turn              (no ring)
MPRegen  0.10/turn              (no ring)
                                (no ring)
                                (no ring)

@: no status effects
A: almost no armour, stealthy swim, amphibious, 8 rings, constrict 8, camouflage
1, gelatinous body 1
a: Evoke Flight


You were on level 5 of the Dungeon.
You visited 1 branch of the dungeon, and saw 5 of its levels.

You collected 252 gold pieces.

Inventory:

Hand Weapons
 a - a +0 long sword (weapon)
Missiles
 s - 11 poisoned darts (quivered)
Armour
 b - a +0 kite shield (worn)
Jewellery
 m - a ring of flight (left tentacle)
 q - an uncursed ring of wizardry {unknown}
 t - an uncursed ring of resist corrosion
Wands
 v - a wand of random effects (20)
Scrolls
 d - 6 scrolls of teleportation {unknown}
 g - a scroll of enchant weapon {unknown}
 h - 3 scrolls of amnesia {unknown}
 j - a scroll of random uselessness {unknown}
 k - 2 scrolls of magic mapping {unknown}
 l - 4 scrolls of identify {unknown}
 r - 4 scrolls of remove curse {unknown}
 u - a scroll of immolation {unknown}
Potions
 c - 2 potions of might
 e - 5 potions of curing {unknown}
 f - a potion of mutation {unknown}
 i - a potion of lignification {unknown}
 n - a potion of heal wounds {unknown}
 o - a potion of ambrosia {unknown}
 p - a potion of brilliance {unknown}
 w - a potion of stabbing {unknown}
 x - a potion of resistance {unknown}


   Skills:
 + Level 4.1 Fighting
 * Level 4.1 Long Blades
 + Level 2.2 Throwing
 + Level 4.0 Dodging
 + Level 3.1 Stealth
 + Level 3.8 Shields
 + Level 2.2 Unarmed Combat
 + Level 2.0 Evocations


You had 6 spell levels left.
You didn't know any spells.
Your spell library contained the following spells:

 Spells                   Type           Power        Failure   Level
 Animate Skeleton         Necr           #.....       80%         1
 Apportation              Tloc           #.....       80%         1
 Beastly Appendage        Tmut           #.....       80%         1
 Corona                   Hex            #......      80%         1
 Foxfire                  Conj/Fire      #...         80%         1
 Summon Small Mammal      Summ           #...         80%         1
 Wereblood                Tmut           #.......     91%         2
 Conjure Flame            Conj/Fire      #.......     99%         3
 Inner Flame              Hex/Fire       #.......     99%         3
 Spider Form              Tmut/Pois      #.........   99%         3
 Ice Form                 Ice/Tmut       #.......     100%        4
 Sticky Flame             Conj/Fire      #.......     100%        4
 Blade Hands              Tmut           #.........   100%        5
 Fireball                 Conj/Fire      #.........   100%        5


Dungeon Overview and Level Annotations

Branches:
Dungeon (5/15)
 Temple: D:4-7

Altars:
Okawaru


Innate Abilities, Weirdness & Mutations

You cannot wear most types of armour.
You are very stealthy in the water. (Stealth+)
You are amphibious.
You can wear up to eight rings at the same time.
You can use your tentacles to constrict eight enemies at once.
Your skin changes colour to match your surroundings (Stealth+).
Your rubbery body absorbs attacks. (AC +1, EV +1)


Message History

Your Dodging skill increases to level 4!
A hound comes into view.
The centaur shoots an arrow.
You block the arrow.
The centaur shoots an arrow.
The arrow hits you!
The hound barks!
Found 14 gold pieces.
Found a stone staircase leading up.
You see here an arrow.
The centaur unwields a +0 shortbow.
The centaur hits you! x2
* * * LOW HITPOINT WARNING * * *
Unknown command.
You hit the centaur.
The centaur is moderately wounded.
You block the hound's attack. You block the centaur's attack.
You block the hound's attack.
You slash the centaur!
The centaur is severely wounded.
You block the centaur's attack. The hound bites you.
* * * LOW HITPOINT WARNING * * *
The centaur hits you!
You die...

.................).....
........................
........................
......(.................
...........(............
..........(.............
........................
........(............. [
.$....h@..............
......c.^............(
......................
........................
........................
........................
.<......................
........................
........<.........


You could see a centaur and a hound.

Vanquished Creatures
  A centaur (D:5)
  A bullfrog (D:3)
  A centaur zombie (D:5)
  A howler monkey (D:4)
  3 hounds
  Natasha (thrice) (D:4)
  A worker ant (D:5)
  A killer bee zombie (D:5)
  5 adders
  A shadow imp (D:5)
  2 worms (D:3)
  4 dart slugs
  4 leopard geckos
  6 orcs
  2 ball pythons
  2 bats (D:1)
  4 giant cockroaches
  9 goblins
  7 hobgoblins
  10 jackals
  5 kobolds
  2 quokkas
  5 frilled lizards
  A leopard gecko skeleton (D:4)
  14 rats
95 creatures vanquished.

Notes
Turn   | Place    | Note
-------+----------+-------------------------------------------
     0 | D:1      | smeego the Octopode Fighter began the quest for the Orb.
     0 | D:1      | Reached XP level 1. HP: 16/16 MP: 1/1
   188 | D:1      | Reached XP level 2. HP: 21/21 MP: 2/2
   658 | D:1      | Reached XP level 3. HP: 26/26 MP: 3/3
   664 | D:1      | Reached skill level 1 in Stealth
  1371 | D:2      | Reached XP level 4. HP: 31/31 MP: 4/4
  1412 | D:2      | Reached skill level 1 in Throwing
  1509 | D:2      | Reached skill level 1 in Unarmed Combat
  2012 | D:3      | Noticed a bullfrog
  2018 | D:3      | Killed a bullfrog
  2018 | D:3      | Reached XP level 5. HP: 32/36 MP: 5/5
  2853 | D:4      | Reached skill level 1 in Evocations
  2853 | D:4      | Reached XP level 6. HP: 43/43 MP: 6/6
  3028 | D:4      | Found an iron altar of Okawaru.
  3277 | D:4      | Noticed Natasha
  3283 | D:4      | Killed Natasha
  3393 | D:4      | Noticed Natasha
  3405 | D:4      | Killed Natasha
  3410 | D:4      | Noticed Natasha
  3466 | D:4      | Killed Natasha
  3489 | D:5      | Entered Level 5 of the Dungeon
  3634 | D:5      | Reached XP level 7. HP: 25/48 MP: 7/7
  4201 | D:5      | Slain by a centaur

Illustrated notes

Levels and vault maps discovered:
D:1:      co_arrival_square_in_a_square_in_a_square, layout_basic,
          minmay_misc_feat_cross, chequers_arboretum
D:2:      layout_basic
D:3:      layout_loops_cross, kennysheep_generic_room_2
D:4:      layout_basic, okawaru_metal_pillars_1_2, uniq_natasha
D:5:      layout_layer_cave, minmay_temple_entry_sparse_star, chequers_garden

Skill      XL: |  1  2  3  4  5  6  7 |
---------------+----------------------+-----
Stealth        | 1 2 3 |  3.1
Throwing       | 1 2 |  2.2
Unarmed Combat | 1 2 |  2.2
Long Blades    | 3 4 |  4.1
Evocations     | 1 2 |  2.0
Fighting       | 4 |  4.1
Dodging        | 4 |  4.0
Shields        | |  3.8

Action                   |  1- 3 |  4- 6 |  7- 9 || total
-------------------------+-------+-------+-------++-------
Melee: Long sword        |    67 |   105 |    11 ||   183
       Constrict         |    22 |    32 |     3 ||    57
       Tentacles         |    10 |    23 |     3 ||    36
       Punch             |       |     1 |       ||     1
 Stab: Sleeping          |     6 |     9 |       ||    15
Armor: Skin              |     2 |     6 |       ||     8
Dodge: Dodged            |    43 |    63 |     7 ||   113
Block: Kite shield       |    26 |    44 |    11 ||    81
       Rpst.: Long sword |    13 |    21 |     3 ||    37

Table legend: (Time is in decaauts)
 A = Elapsed time spent in this place.
 B = Non-inter-level travel time spent in this place.
 C = Inter-level travel time spent in this place.
 D = Time resting spent in this place.
 E = Time spent auto-exploring this place.
 F = Levels seen in this place.
 G = Mean time per level.
                   A        B        C        D        E       F      G
               +--------+--------+--------+--------+--------+-----+--------+
         Total |   4276 |   4177 |     99 |    528 |   3006 |   5 |  855.2 |
       Dungeon |   4276 |   4177 |     99 |    528 |   3006 |   5 |  855.2 |
               +--------+--------+--------+--------+--------+-----+--------+

Top non-repeatable levels by time:
     D:1: 1065 daAuts
     D:3: 915 daAuts
     D:2: 811 daAuts
     D:4: 764 daAuts
     D:5: 718 daAuts
